[Event "FIDE WSTC-50-65 2022"]
[Site "Acqui Terme"]
[Date "2022.06.23"]
[Round "4.16"]
[White "Berthelot, Yannick"]
[Black "Gruzmann, Boris"]
[Result "1-0"]
[ECO "B90"]
[WhiteElo "2242"]
[BlackElo "2189"]
[Annotator "TA"]
[PlyCount "121"]
[EventDate "2022.06.20"]
[EventType "team-tourn"]
[EventCountry "ITA"]
[SourceTitle "playchess.com"]
[Source "ChessBase"]
[SourceQuality "1"]
[TimeControl "40/5400+30:1800+30"]

1. e4 c5 2. Nf3 d6 3. d4 cxd4 4. Nxd4 Nf6 5. Nc3 a6 6. f3 e5 7. Nb3 Be6 8. Be3 h5 9. Qd2 Nbd7 10. O-O-O Rc8 11. Kb1 Be7 12. Nd5 {[%emt 0:03:30] B90: Sicilian Najdorf: Unusual White 6th moves, 6 Be3 Ng4 and 6 Be3 e5.} Bxd5 13. exd5 Qc7 (13... Nb6 $11 {remains equal.}) 14. c4 {[%emt 0:10:00] White is better.} b6 {[%emt 0:01:30] [#]} 15. g3 $146 ({Predecessor:} 15. h3 h4 16. Be2 a5 17. Na1 Nc5 18. Nc2 Nh5 19. Rhe1 Ng3 20. Na3 Qd7 21. Bd3 {1-0 (46) Robson,R (2670)-Sjugirov,S (2662) chess24.com INT 2020}) 15... O-O 16. h3 a5 17. g4 a4 18. Na1 Nc5 19. Nc2 h4 20. Na3 Qd8 21. Rg1 Nh7 22. g5 $1 g6 (22... Qd7 $16 23. Qc2 f6) 23. Nb5 Ra8 24. Rg4 Qd7 25. Bd3 {[%emt 0:10:30] Inhibits Qf5.} ({Weaker is} 25. Rxh4 Nxg5 26. Bxg5 Qf5+ 27. Bd3 Qxg5 28. Qxg5 (28. Rg4 Qxd2 29. Rxd2 Kg7 $15) 28... Bxg5 $11) 25... Nxd3 26. Qxd3 Qf5 27. Qxf5 (27. Bxb6 Qxd3+ 28. Rxd3 Nxg5 $16) 27... gxf5 28. Rxh4 Rfc8 29. Na3 $2 ({Better is} 29. Bxb6 $18 {aiming for Bc7.} Nxg5 30. Rg1) 29... Nf8 (29... f4 $1 $11 30. Bxb6 Nxg5) 30. Bxb6 $16 {[%emt 0:02:03][%cal Oc4c5] 0x0.000bd6fd6a01dp-1022s more active pieces.} Ng6 31. Rh5 Nf4 (31... Bf8 $16) 32. Rh6 $18 Bf8 33. Rf6 Nh5 34. Rxf5 Ng7 (34... Kg7 $142 35. c5 Kg6) 35. Rf6 Nh5 36. Rf5 Ng7 37. Rf6 Nh5 {[%emt 0:00:37] [#]} 38. Rh6 Bxh6 $16 39. gxh6 Ra6 {[%emt 0:01:20] [#]} 40. c5 dxc5 41. Nc4 $36 {[%emt 0:01:08][%mdl 2048] Black is under strong pressure.} Nf6 42. d6 (42. Nd6 $16 Rca8 43. Bxc5) 42... Nd7 $14 43. Bc7 {[%emt 0:06:30] Black must now prevent Rg1+.} Kh7 44. Re1 (44. f4 $5) 44... Rc6 {[%emt 0:24:23] Black cannot hold the game after this.} (44... f6 $14) 45. Kc2 f6 (45... R8xc7 $16 46. dxc7 Rxc7) 46. f4 $1 $18 Kxh6 47. fxe5 fxe5 48. Nxe5 Nxe5 (48... R6xc7 {keeps fighting.} 49. Ng4+ (49. dxc7 Nf6 $18) 49... Kg7) 49. Rxe5 R8xc7 50. dxc7 Rxc7 {[%emt 0:00:03][%mdl 4096] Endgame KR-KR} 51. Kc3 Kg6 52. Kc4 Rb7 53. Re2 Rh7 54. Rh2 {[%emt 0:01:02] Hoping for Kb5.} Rh5 $2 (54... a3 55. bxa3 Ra7 56. Kxc5 Kf6 57. Rf2+ Ke5) 55. a3 Kf6 56. Kb5 Ke6 57. Kxa4 Kd5 58. Kb5 {[%emt 0:00:22] Threatens to win with Rd2+.} Kd4 (58... Kd6 $142 59. Rd2+ Kc7) 59. Rd2+ {[%emt 0:02:26] White is clearly winning.} Ke4 60. a4 Rxh3 61. Kxc5 {[%emt 0:00:34] Weighted Error Value: White=0.31/Black=0.36} 1-0

[Event "FIDE WSTC-50-65 2022"]
[Site "Acqui Terme"]
[Date "2022.06.24"]
[Round "5.1"]
[White "Horvath, Jozsef"]
[Black "Adams, Michael"]
[Result "0-1"]
[ECO "E03"]
[WhiteElo "2429"]
[BlackElo "2698"]
[Annotator "TA"]
[PlyCount "64"]
[EventDate "2022.06.20"]
[EventType "team-tourn"]
[EventCountry "ITA"]
[SourceTitle "playchess.com"]
[Source "ChessBase"]
[SourceQuality "1"]
[TimeControl "40/5400+30:1800+30"]

1. d4 Nf6 2. c4 e6 3. g3 d5 4. Bg2 dxc4 5. Qa4+ Nbd7 6. Qxc4 a6 7. Be3 {[%emt 0:00:30] is now debated instead of 7.Qc2. E03: Open Catalan: 5 Qa4+ Nbd7 6 Qxc4.} Bd6 8. Qc2 {[%emt 0:03:30] [#]} Nd5 $146 ({Predecessor:} 8... O-O 9. Nh3 e5 10. O-O Ng4 11. Bg5 Qe8 12. dxe5 Ndxe5 13. Nc3 h6 14. Bf4 Nf6 {1-0 (55) So,W (2780)-Duda,J (2737) Chess.com INT 2018}) 9. Bd2 {[%emt 0:07:30] The position is equal.} c5 10. e4 Ne7 11. Ne2 cxd4 12. Nxd4 O-O 13. O-O Ne5 14. Bc3 b5 {[%emt 0:06:30] ...b4 is the strong threat.} 15. a3 {[%emt 0:07:30] Inhibits b4.} (15. Rd1 $5 ) 15... Bb7 16. Qe2 Qb6 17. Nd2 Rfd8 18. Kh1 (18. Rfc1 $11) 18... b4 $15 19. axb4 Bxb4 20. f4 (20. N2b3 $11) 20... Rxd4 $17 21. fxe5 Bxc3 22. bxc3 {[%emt 0:00:59] [#]} Rd7 $1 23. Nc4 Qc5 24. Ra5 Qc7 {[%emt 0:00:30] aiming for ...Rc8.} 25. Qa2 (25. Rb1 $15) 25... Ng6 26. h4 {[%emt 0:04:01] [#]} h5 $1 27. Kh2 Rad8 28. Bf3 $2 (28. Rb1 {is a better defense.}) 28... Rd3 $19 29. Bxh5 $2 (29. Bg2 Rxc3 30. Nd6 Nxe5 31. Rxe5 Rxd6 32. Qa5) 29... Rxc3 {[%emt 0:05:30] Black is clearly winning.} 30. Be2 Bxe4 {[%emt 0:01:30] Threatens to win with ...Rc2.} 31. Rf2 Bd5 32. Ra4 Nxe5 {[%emt 0:00:27] Weighted Error Value: White=0.75/Black=0.19 (very precise)} 0-1

[Event "FIDE WSTC-50-65 2022"]
[Site "Acqui Terme"]
[Date "2022.06.24"]
[Round "5.2"]
[White "Short, Nigel D"]
[Black "Varga, Zoltan"]
[Result "1/2-1/2"]
[ECO "B04"]
[WhiteElo "2622"]
[BlackElo "2395"]
[Annotator "TA"]
[PlyCount "51"]
[EventDate "2022.06.20"]
[EventType "team-tourn"]
[EventCountry "ITA"]
[SourceTitle "playchess.com"]
[Source "ChessBase"]
[SourceQuality "1"]
[TimeControl "40/5400+30:1800+30"]

1. e4 Nf6 2. e5 Nd5 3. d4 d6 4. Nf3 dxe5 5. Nxe5 c6 6. Bd3 {[%emt 0:03:30] B04: Alekhine's Defence: 4 Nf3.} Nd7 7. Nf3 N7f6 8. O-O {[%emt 0:01:00] White is slightly better.} Nb4 9. Be2 (9. Bc4 $14) 9... Bf5 $11 10. Na3 e6 11. c3 Nbd5 12. Nc4 {[%emt 0:00:30] [#]} h6 $146 ({Predecessor:} 12... Be7 13. a4 O-O 14. a5 Qc7 15. Re1 c5 16. Nfe5 cxd4 17. cxd4 Rfd8 18. Bd2 Ne4 {0-1 (32) Maltsevskaya,A (2327)-Bortnyk,O (2598) Chess.com INT 2021}) 13. Nce5 Bd6 14. c4 Ne7 15. b3 O-O 16. Bb2 a5 17. a3 Qb8 18. Qc1 b5 19. Re1 Rd8 20. h3 bxc4 21. Bxc4 Nfd5 22. Ra2 Nb6 23. Bf1 Nd7 24. Bc4 Nb6 25. Bf1 Nd7 26. Bc4 {[%emt 0:09:30] Weighted Error Value: White=0.09 (flawless) /Black=0.08 (flawless)} 1/2-1/2

[Event "FIDE WSTC-50-65 2022"]
[Site "Acqui Terme"]
[Date "2022.06.24"]
[Round "5.3"]
[White "Horvath, Peter"]
[Black "Hebden, Mark L"]
[Result "0-1"]
[ECO "E65"]
[WhiteElo "2396"]
[BlackElo "2452"]
[Annotator "TA"]
[PlyCount "76"]
[EventDate "2022.06.20"]
[EventType "team-tourn"]
[EventCountry "ITA"]
[SourceTitle "playchess.com"]
[Source "ChessBase"]
[SourceQuality "1"]
[TimeControl "40/5400+30:1800+30"]

1. d4 Nf6 2. c4 g6 3. Nc3 Bg7 4. g3 O-O 5. Bg2 c5 6. Nf3 cxd4 7. Nxd4 Nc6 8. O-O d6 9. Nxc6 bxc6 10. Bxc6 Rb8 11. Bg2 Qa5 $1 12. Qd3 {[%emt 0:22:30] 12.Qd2 is becoming the main line. E65: King's Indian: Fianchetto: 6...c5 7 0-0 without d5 by White.} Be6 13. Nd5 (13. b3 $1 $14) 13... Nxd5 $11 14. cxd5 {[%emt 0:00:00] The position is equal.} Bf5 15. Qe3 Qc7 {[%emt 0:01:30] [#]} 16. a4 $146 ({Predecessor:} 16. Be4 Bxe4 17. Qxe4 Bxb2 18. Rb1 Bf6 19. Be3 Qa5 20. Bh6 Rfc8 21. Rxb8 Rxb8 22. Rb1 {0-1 (50) Cortes Lizano,J (2120)-Obon Temprano,S (2173) Barcelona 2005}) 16... a5 17. Be4 Bxe4 ({Much less strong is} 17... Bxb2 18. Bxb2 Bxe4 19. Qd4 $16) 18. Qxe4 Rb4 $36 {[%emt 0:01:30][%mdl 2048] White is under pressure.} 19. Qd3 Qb7 20. Ra3 Rc8 21. Bd2 Rd4 22. Qe3 Qxd5 23. Bc3 ({White should try} 23. Rd3 $1 $15) 23... Rd1 {[%emt 0:00:30] Black is much more active. The white rooks are badly placed.} 24. Rxd1 Qxd1+ 25. Kg2 {[%emt 0:00:04] [#]} Bxc3 26. bxc3 $17 {[%emt 0:01:37][%mdl 4096] Endgame KQR-KQR} Qd5+ 27. Qf3 Qxf3+ ({Black should play} 27... Qe6 $17 28. Qd3 Rc4) 28. Kxf3 {[%emt 0:00:02] KR-KR} Rb8 29. h4 Kf8 30. Ke3 Rb2 31. Ra1 Ke8 32. h5 Kd7 33. hxg6 hxg6 34. Rh1 Ra2 35. Rh4 e5 36. Rc4 f5 (36... Ke6 $15) 37. g4 $2 (37. f4 $11) 37... f4+ $19 38. Kd3 $2 {[%emt 0:01:00][%mdl 8192] [#]} (38. Kf3 $17) 38... d5 $1 {[%emt 0:00:30] Weighted Error Value: White=0.59/Black=0.09 (flawless)} 0-1

[Event "FIDE WSTC-50-65 2022"]
[Site "Acqui Terme"]
[Date "2022.06.24"]
[Round "5.4"]
[White "Arkell, Keith C"]
[Black "Krizsany, Laszlo"]
[Result "1/2-1/2"]
[ECO "E18"]
[WhiteElo "2367"]
[BlackElo "2377"]
[Annotator "TA"]
[PlyCount "45"]
[EventDate "2022.06.20"]
[EventType "team-tourn"]
[EventCountry "ITA"]
[SourceTitle "playchess.com"]
[Source "ChessBase"]
[SourceQuality "1"]
[TimeControl "40/5400+30:1800+30"]

1. Nf3 b6 2. c4 Bb7 3. Nc3 e6 4. g3 Nf6 5. Bg2 Be7 6. d4 O-O 7. O-O d6 8. Re1 Nbd7 {[%emt 0:00:30] is the legacy move (8...Ne4).} 9. e4 e5 10. b3 {[%emt 0:01:30] E18: Queen's Indian: Old Main Line (4 g3 Bb7 5 Bg2 Be7 6 0-0 0-0 7 Nc3).} Re8 11. Bb2 Bf8 12. Qc2 {[%emt 0:00:30] White is slightly better.} (12. Nd5 {seems wilder.} Ng4 13. Qd2 c6 14. Ne3) 12... c6 13. Rad1 Qc7 14. a3 Rad8 15. b4 a6 {[%emt 0:03:30] [#]} 16. dxe5 $146 ({Predecessor:} 16. c5 bxc5 17. bxc5 dxc5 18. dxe5 Ng4 19. e6 Rxe6 20. Na4 Rde8 21. h3 Nge5 22. Nxe5 Nxe5 23. Nxc5 {1-0 (40) Krivoshey,S (2500)-Korchmar,A (2103) Saratov 2006}) 16... Nxe5 17. Nxe5 (17. Na4 {keeps more tension.} c5 18. bxc5 b5 19. Nb6) 17... dxe5 18. Qe2 Bc8 19. h3 Be6 20. Rxd8 Rxd8 21. Rc1 Qb8 22. Na4 ({White should play} 22. Nd1 $1 $11) 22... Nd7 23. Nc3 {Weighted Error Value: White=0.19 (very precise) /Black=0.10 (very precise)} 1/2-1/2

[Event "FIDE WSTC-50-65 2022"]
[Site "Acqui Terme"]
[Date "2022.06.24"]
[Round "5.5"]
[White "Kaidanov, Gregory"]
[Black "Cummings, David H."]
[Result "1-0"]
[ECO "C00"]
[WhiteElo "2556"]
[BlackElo "2329"]
[Annotator "TA"]
[PlyCount "73"]
[EventDate "2022.06.20"]
[EventType "team-tourn"]
[EventCountry "ITA"]
[SourceTitle "playchess.com"]
[Source "ChessBase"]
[SourceQuality "1"]
[TimeControl "40/5400+30:1800+30"]

1. Nf3 Nf6 2. g3 d5 3. Bg2 e6 4. O-O c5 5. d3 Nc6 6. Nbd2 Be7 7. e4 O-O 8. Re1 Qc7 9. Nf1 dxe4 10. dxe4 Rd8 11. Qe2 Nd4 {[%emt 0:03:30] C00: French: Unusual White 2nd moves.} 12. Nxd4 cxd4 13. e5 Nd7 {[%emt 0:04:30] The position is equal.} 14. Bf4 {[%emt 0:05:30] [#]} Nf8 $146 ({Predecessor:} 14... Rb8 15. h4 b6 16. Red1 Nc5 17. Nh2 Ba6 18. Qd2 Rbc8 19. a4 d3 20. b4 dxc2 21. Qxc2 Nd3 22. Qxc7 {½-½ (22) Jakel,W (2210)-Rudolph,P (2090) Germany 2014}) 15. Rad1 Qb6 16. Bc1 Bd7 17. Nd2 (17. Qg4 {with more complications.} Bb5 18. Nd2 Rac8 19. Nb3) 17... Bc6 (17... Bb5 {keeps more tension.} 18. Qg4 Rac8 19. Nb3 Rxc2 20. Rxd4 f5) 18. Bxc6 bxc6 19. Nc4 Qc7 ({Better is} 19... Qa6 $11) 20. h4 (20. Qg4 {feels hotter.} c5 21. h4 Nd7 22. Bh6) 20... c5 21. Qg4 Kh8 22. Rd3 Nd7 23. Rf3 $40 {[%emt 0:07:30][%mdl 128] White is up to no good.} Rf8 24. Qh5 $1 Kg8 {[%emt 0:05:17] [#]} 25. Bg5 $1 Qd8 26. Rf4 {[%emt 0:13:32] 0x0.00222908739adp-1022s more active pieces. The black rooks are badly placed.} f6 $2 {[%emt 0:08:42] Black cannot hold the game after this.} (26... Qe8 $14) 27. exf6 $18 Bxf6 28. Rxe6 {[%emt 0:01:38][%cal Be1e6,Be6d6,Bd6f6,Bf6f7,Bf7d7][%mdl 32] Hoping for Rfe4.} Bxg5 29. hxg5 {[%emt 0:01:01] [#] Black must now prevent Rh4.} Rxf4 30. gxf4 Nf8 {[%emt 0:02:30] Inhibits g6.} 31. Rd6 Qe7 32. Qf3 Re8 33. Qd5+ Kh8 $2 (33... Qf7 34. Qxf7+ Kxf7 35. Ne5+ Kg8) 34. Ne5 {[%emt 0:00:23] Intending Nf7+ and mate.} g6 35. Rf6 {[%emt 0:02:52] aiming for Nf7+.} Ne6 36. Rf7 Qd8 37. Rd7 {[%emt 0:00:56] Weighted Error Value: White=0.07 (flawless) /Black=0.53} 1-0

[Event "FIDE WSTC-50-65 2022"]
[Site "Acqui Terme"]
[Date "2022.06.24"]
[Round "5.6"]
[White "Plotkin, Victor"]
[Black "Novikov, Igor"]
[Result "1/2-1/2"]
[ECO "B22"]
[WhiteElo "2240"]
[BlackElo "2551"]
[Annotator "TA"]
[PlyCount "80"]
[EventDate "2022.06.20"]
[EventType "team-tourn"]
[EventCountry "ITA"]
[SourceTitle "playchess.com"]
[Source "ChessBase"]
[SourceQuality "1"]
[TimeControl "40/5400+30:1800+30"]

1. e4 c5 2. c3 d5 3. exd5 Qxd5 4. d4 Nf6 5. Nf3 e6 6. Be2 Nc6 7. O-O Be7 8. c4 Qd7 9. dxc5 Bxc5 10. Nc3 O-O 11. a3 {[%emt 0:01:30] B22: Sicilian: 2 c3.} Rd8 12. Qc2 {[%emt 0:06:30] [#]} b6 $146 ({Predecessor:} 12... Qc7 13. b4 Be7 14. c5 Bd7 15. Bb2 Be8 16. Nb5 Qb8 17. g3 a5 18. Qc3 axb4 19. axb4 Rxa1 20. Rxa1 {0-1 (57) Kritz,L (2593)-Kanep,M (2508) Dresden 2007}) 13. Rd1 {[%emt 0:01:30] White is slightly better.} Qe7 14. Rxd8+ Qxd8 15. Bg5 Bb7 16. Rd1 Qe8 17. Bxf6 gxf6 18. Ne4 Be7 19. Nd6 Bxd6 20. Rxd6 Rd8 21. Qd3 Rxd6 22. Qxd6 Qb8 23. Qxb8+ Nxb8 $11 {[%emt 0:00:00][%mdl 4096] Endgame KBN-KBN} 24. Nd4 a6 {[%emt 0:01:00] Against Nb5} 25. f3 f5 26. Kf2 Kf8 27. b4 Ke7 28. Ke3 f6 29. g3 Bc8 30. Bd3 Bd7 31. f4 h6 (31... Kd6 $14) 32. Kd2 {[%emt 0:01:30] White is more active.} (32. c5 $16) 32... Nc6 $14 33. Nxc6+ Bxc6 {[%emt 0:00:04] KB-KB. The position is equal.} 34. c5 bxc5 35. Bxa6 cxb4 36. axb4 Kd6 37. Kc3 Bd5 38. Bd3 Kc6 39. Kd4 Kd6 40. Kc3 Kc6 {Weighted Error Value: White=0.06 (flawless) /Black=0.03 (flawless)} 1/2-1/2

[Event "FIDE WSTC-50-65 2022"]
[Site "Acqui Terme"]
[Date "2022.06.24"]
[Round "5.7"]
[White "Ehlvest, Jaan"]
[Black "Findlay, Ian T."]
[Result "1-0"]
[ECO "A77"]
[WhiteElo "2517"]
[BlackElo "2156"]
[Annotator "TA"]
[PlyCount "65"]
[EventDate "2022.06.20"]
[EventType "team-tourn"]
[EventCountry "ITA"]
[SourceTitle "playchess.com"]
[Source "ChessBase"]
[SourceQuality "1"]
[TimeControl "40/5400+30:1800+30"]

1. d4 Nf6 2. c4 c5 3. d5 e6 4. Nc3 exd5 5. cxd5 d6 6. Nf3 g6 7. Nd2 Bg7 8. e4 O-O 9. Be2 Nbd7 10. O-O a6 11. a4 Rb8 12. Re1 Re8 13. Ra3 {[%emt 0:08:30] [#] A77: Modern Benoni: Classical: 9...Re8 10 Nd2: 10...a6 and 10...Nbd7.} Nb6 $146 ({Predecessor:} 13... Ne5 14. h3 g5 15. Nf1 h6 16. Ng3 Bd7 17. a5 Ng6 18. Qc2 Qe7 19. Bf1 Qe5 20. Bd2 g4 {0-1 (32) Wojtaszek,R (2725)-Ponkratov,P (2632) Moscow 2019}) 14. Qc2 Bd7 15. Ra1 {[%emt 0:16:30] White is slightly better.} Nc8 16. Rb1 Qc7 17. b3 b5 18. Bb2 c4 19. axb5 ({Of course not} 19. bxc4 b4 20. Nd1 a5 $15) 19... cxb3 20. Qxb3 Na7 (20... axb5 $142 21. Nxb5 Qd8) 21. Qc4 $16 Qxc4 22. Nxc4 ({Don't take} 22. Bxc4 $6 Nxb5 23. f3 Bh6 $14) 22... axb5 (22... Nxe4 $16 23. Nxe4 Rxe4) 23. Nxd6 $18 b4 $2 {[%emt 0:00:00] [#]} (23... Red8 24. Ba3 Ng4) 24. Nxe8 Rxe8 25. Na2 b3 26. Nc3 Nxe4 27. Nxe4 Rxe4 28. Bxg7 Kxg7 29. Rxb3 Nc8 30. Kf1 Nd6 31. Rb6 Nf5 32. Rb7 Ba4 33. Bd3 {[%emt 0:01:07] Weighted Error Value: White=0.08 (flawless) /Black=0.35} 1-0

[Event "FIDE WSTC-50-65 2022"]
[Site "Acqui Terme"]
[Date "2022.06.24"]
[Round "5.8"]
[White "Barron, Michael"]
[Black "Sokolin, Leonid"]
[Result "0-1"]
[ECO "B33"]
[WhiteElo "2098"]
[BlackElo "2464"]
[Annotator "TA"]
[PlyCount "86"]
[EventDate "2022.06.20"]
[EventType "team-tourn"]
[EventCountry "ITA"]
[SourceTitle "playchess.com"]
[Source "ChessBase"]
[SourceQuality "1"]
[TimeControl "40/5400+30:1800+30"]

1. e4 c5 2. Nf3 Nc6 3. d4 cxd4 4. Nxd4 Nf6 5. Nc3 e5 6. Ndb5 d6 7. Nd5 Nxd5 8. exd5 Ne7 9. c3 Nf5 10. a4 Be7 11. Bd3 O-O {[%emt 0:00:30] B33: Sicilian: Pelikan and Sveshnikov Variations.} 12. O-O Bd7 13. Qc2 g6 {[%emt 0:01:30] [#] The position is equal.} 14. f4 $146 (14. Re1 $11) ({Predecessor:} 14. Re1 Bg5 15. Bxg5 Qxg5 16. g3 Rfc8 17. f4 exf4 18. Bxf5 Bxf5 19. Qd2 Rd8 20. Qxf4 Qxf4 21. gxf4 {½-½ (27) Rodriguez,K (2353)-Balshaw,A (2339) ICCF email 2013}) 14... a6 $15 15. Na3 Rc8 16. Nc4 (16. Qb3 $11) 16... Re8 ({Black should play} 16... e4 $1 $15 17. Be2 b5 18. axb5 axb5) 17. Qf2 ({Don't play} 17. fxe5 dxe5 18. Kh1 Bc5 $17) 17... e4 18. Be2 b5 19. axb5 axb5 20. Ne3 b4 21. cxb4 Nd4 22. Ba6 Ra8 $36 {[%emt 0:02:30][%mdl 2048] Black has the initiative.} 23. Nc4 Nb3 24. Ra3 {[%emt 0:01:30] [#]} Rxa6 $1 25. Rxb3 {[%emt 0:08:30][%cal Of4f5] Threatens to win with f5!} Bb5 26. Na3 Bxf1 $19 27. Qxf1 (27. Kxf1 $142 Qa8 28. Qd4) 27... Qa8 28. Qd1 Qb7 29. Be3 Bf6 (29... Ra4 $19 {is more deadly.} 30. b5 Bf6) 30. b5 (30. Qd2 $142) 30... Ra4 $17 {[%emt 0:00:40][%cal Of6b2] Black is more active.} 31. Qd2 {[%emt 0:04:30] [#]} Rb8 ({Black should try} 31... Rea8 $1 $19 {And now ...Bd8 would win.} 32. h3 Bd8) 32. Kf2 (32. h3 $17 {is a better defense.}) 32... Bd8 $19 33. Rc3 Bb6 34. Rc6 Bxe3+ 35. Qxe3 Qe7 36. Qc3 $2 (36. Kg1) 36... e3+ 37. Qxe3 Re4 38. Qf3 Qh4+ 39. Qg3 Rxf4+ (39... Qf6 $142 {( -> ...Qd4+)} 40. Nc2 Rxf4+ 41. Ke2 Qe5+ 42. Kd2 Qxd5+ 43. Kc3 Qe5+ 44. Kd2 Rxb5) 40. Ke3 (40. Kg1 Qf6 41. Rc1) 40... Re8+ {[%emt 0:00:00][%cal Bb8e8,Be8e4,Be4d4][%mdl 32] Black is clearly winning.} 41. Kd3 Qf6 42. Nc4 Ree4 {[%emt 0:08:30] White must now prevent ...Rd4+.} 43. b6 Rd4+ {[%emt 0:00:30] Weighted Error Value: White=0.94/Black=0.23 (precise)} 0-1

[Event "FIDE WSTC-50-65 2022"]
[Site "Acqui Terme"]
[Date "2022.06.24"]
[Round "5.9"]
[White "Nunn, John D M"]
[Black "Vaisser, Anatoly"]
[Result "1-0"]
[ECO "C19"]
[WhiteElo "2568"]
[BlackElo "2488"]
[Annotator "TA"]
[PlyCount "137"]
[EventDate "2022.06.20"]
[EventType "team-tourn"]
[EventCountry "ITA"]
[SourceTitle "playchess.com"]
[Source "ChessBase"]
[SourceQuality "1"]
[TimeControl "40/5400+30:1800+30"]

1. e4 e6 2. d4 d5 3. Nc3 Bb4 4. e5 c5 5. a3 Bxc3+ 6. bxc3 Qc7 7. a4 Ne7 8. Nf3 b6 9. Bb5+ Bd7 10. Bd3 Nbc6 11. O-O c4 12. Be2 {[%emt 0:00:00] C19: French: 3 Nc3 Bb4: Main line: 7 Nf3 and 7 a4.} f6 13. Re1 Ng6 14. Ba3 {[%emt 0:05:30] White is slightly better.} Nce7 {[%emt 0:09:30] [#]} (14... Qd8 $14) 15. h4 $146 ({Predecessor:} 15. Bd6 Qd8 16. Qb1 Nf5 17. Bb4 a5 18. Ba3 Bxa4 19. exf6 gxf6 20. Bxc4 dxc4 21. Rxe6+ {0-1 (29) Miceli,G (2047)-Kononenko,T (2383) Salou 2006}) 15... h5 16. g3 fxe5 (16... O-O-O $16 17. a5 b5) 17. dxe5 Nxe5 18. Nxe5 ({White should try} 18. Ng5 $18) 18... Qxe5 19. Bxc4 Qf5 (19... Qxc3 $16 20. Bxd5 Nxd5) 20. Bd3 $1 $18 Qf6 21. Bd6 O-O 22. Qe2 {[%emt 0:00:30] aiming for a5. Active counter play!} (22. Qxh5 Qxf2+ 23. Kh1 Nf5 24. Bxf5 (24. Rf1 Qxg3 25. Bxf8 Bc6 $15) 24... Rxf5 $15) 22... Rae8 (22... Rf7 {keeps fighting.} 23. Bxe7 Rxe7) 23. a5 (23. Qxh5 Qxf2+ 24. Kh1 Rf5 $14) 23... Rf7 24. axb6 axb6 25. Ra7 (25. Qxh5 Qxf2+ 26. Kh1 Nf5 $11) 25... Nf5 (25... Nc6 $16 {is a better defense.} 26. Rxd7 Rxd7 27. Qxh5 g6 28. Qxg6+ Qxg6 29. Bxg6 Red8) 26. Be5 {[%emt 0:01:30] This bishop pair is nice.} Qg6 27. Rb7 b5 28. Ra1 {[%emt 0:02:30] Inhibits Ra8.} Bc6 29. Rb6 (29. Bxb5 Bxb5 30. Qxb5 Rxb7 31. Qxb7 Nxh4 $17) 29... Rc8 30. Raa6 Bd7 31. Ra7 Bc6 32. Rxf7 Qxf7 33. Bxb5 (33. Bd4 $18) 33... Bxb5 $16 34. Rxb5 Kh7 35. Rb6 Qg6 36. Kh2 Rc4 37. Rb4 Rc6 38. Qb5 Rc8 39. Qd7 ({Better is} 39. Qa6 $16 Re8 40. Qe2) 39... Re8 (39... Rf8 $11) 40. Rb6 (40. Qa7 $1 $16) 40... Ne3 $2 41. Bxg7 $1 $18 {[%emt 0:11:48] Hoping for Bd4+.} (41. fxe3 Qxc2+ 42. Kh1 Qd1+ 43. Kh2 Qc2+ 44. Kh3 Qf5+ 45. Kh2 Qc2+ $11) 41... Kg8 {[%emt 0:09:51] [#]} 42. Bd4 $2 (42. fxe3 Qxc2+ 43. Kh1 Qd1+ 44. Kg2 Qc2+ 45. Kh3 Qf5+ 46. Kh2 Qc2+ 47. Kh1 Qd1+ 48. Kg2 Qe2+ 49. Kg1 Qe1+ 50. Kh2 Qf2+ 51. Kh3 Qf1+ 52. Kh2 Qf2+ 53. Kh3 Qf1+ 54. Kh2 Qf2+ $11) (42. Kg1 $1 $18) 42... Ng4+ $2 (42... Nf1+ $1 $11 43. Kg2 Nxg3) 43. Kg1 Qf7 44. Qc6 e5 45. Rb7 Qe6 {[%emt 0:01:01] [#]} 46. Qc7 Qg6 {[%emt 0:00:30] Prevents Qg7+.} 47. Bc5 Nf6 (47... Ra8 $142 48. Rb8+ Rxb8 49. Qxb8+ Kg7) 48. Be3 {[%emt 0:06:09] Strongly threatening Qc6.} Ng4 49. Bc5 (49. Ba7 $18) 49... d4 $2 (49... Nf6 $1 $11 {and Black is okay.} 50. Qc6 Qf5) 50. Rb8 ({Not} 50. cxd4 Nxf2 51. Rb8 (51. Kxf2 Qxc2+ 52. Kg1 Qd1+ 53. Kh2 Qe2+ 54. Kh3 Qf1+ 55. Kh2 Qf2+ 56. Kh3 Qf1+ 57. Kh2 Qf2+ 58. Kh3 Qf1+ $11) 51... Ne4 52. Qxe5 (52. dxe5 Qxg3+ 53. Kf1 Qf3+ 54. Ke1 Qc3+ 55. Ke2 Qxc2+ 56. Ke3 Qc3+ 57. Kxe4 Qc4+ 58. Ke3 Qc3+ 59. Kf4 Qc4+ 60. Kg5 Qg4+ 61. Kh6 Qe6+ 62. Kg5 Qg4+ 63. Kh6 Qe6+ 64. Kg5 Qg4+ $11) 52... Rxb8 53. Qxb8+ Kh7 54. Qc7+ Kg8 55. Qd8+ Kh7 56. Qc7+ Kh8 57. Qe5+ Kg8 58. Qd5+ Kg7 59. Qe5+ Kf7 60. Qc7+ Kg8 61. Qd8+ Kg7 62. Qd7+ Kg8 $18) 50... dxc3 51. Rxe8+ Qxe8 {[%emt 0:00:02][%mdl 4096] Endgame KQB-KQN} 52. Bb4 Qb5 $2 (52... Qe6 53. Qd8+ Kg7 54. Bxc3 Qf7 55. Qg5+ Kh7) 53. Qxc3 $2 (53. Qd8+ Kh7 54. Qe7+ Kg6 55. Qg5+ Kh7 56. Qe7+ Kg6 57. Qg5+ Kh7 58. Qxh5+ Nh6 59. Bf8 Qb1+ 60. Kg2 Qb7+ 61. f3) 53... Qe2 $2 (53... Qd7 54. Kg2 Qf5) 54. Qd2 Qf3 55. Qg5+ Kf7 56. Qxh5+ Kg7 57. Qg5+ Kf7 58. Qd2 {[%emt 0:00:24] Threatens to win with Qd7+.} e4 59. Bc5 {[%emt 0:00:48] Prevents e3.} Qf5 60. Bd4 Ke6 61. c4 Kd7 62. Qf4 Qxf4 63. gxf4 {[%emt 0:00:06] KB-KN} Nh6 64. Be3 Nf5 65. h5 Ke6 66. Kg2 (66. Kh2 $142 Kf6 67. Kh3 Ne7 68. Kg4 Nf5 69. c5 Nh6+ 70. Kh4 Nf5+ 71. Kh3) 66... Ng7 67. h6 {[%emt 0:00:37] White mates.} Nf5 68. h7 Nh4+ 69. Kg3 {[%emt 0:00:05] Weighted Error Value: White=0.48/Black=0.74} 1-0